 Dungeon Crawl Stone Soup version 0.27-a0-1060-gcb85b5eba1 (webtiles) character file.

Game seed: 16778994586166750003

51 littlecub the Skirmisher (level 3, 0/29 HPs)
             Began as a Demonspawn Berserker on Apr 21, 2021.
             Was a Believer of Trog.
             Slain by an adder (4 damage)
             ... on level 2 of the Dungeon.
             The game lasted 00:02:05 (1802 turns).

littlecub the Skirmisher (Demonspawn Berserker)     Turns: 1802, Time: 00:02:05

Health: 0/29       AC:  3    Str: 18    XL:     3   Next: 58%
Magic:  3/3        EV: 12    Int:  8    God:    Trog [**....]
Gold:   42         SH:  0    Dex: 12    Spells: 2/2 levels left

rFire    . . .     SeeInvis .   a - +0 hand axe
rCold    . . .     Faith    .   (no shield)
rNeg     . . .     Spirit   .   b - +0 animal skin
rPois    .         Reflect  .   g - +0 helmet
rElec    .         Harm     .   (no cloak)
rCorr    .         Rampage  .   (no gloves)
Will     .....                  (no boots)
Stlth    +.........             (no amulet)
HPRegen  0.09/turn              (no ring)
MPRegen  0.08/turn              (no ring)

@: lethally poisoned (0 -> -2)
A: claws 1
a: Renounce Religion, Berserk, Trog's Hand


You were on level 2 of the Dungeon.
You worshipped Trog.
Trog was pleased with you.
You visited 1 branch of the dungeon, and saw 2 of its levels.

You collected 42 gold pieces.

Inventory:

Hand Weapons
 a - a +0 hand axe (weapon)
Armour
 b - a +0 animal skin (worn)
 g - a +0 helmet (worn)
Scrolls
 c - 2 scrolls of amnesia {unknown}
 f - a scroll of identify {unknown}
 h - 3 scrolls of teleportation {unknown}
Potions
 d - a potion of attraction {unknown}
 e - a potion of flight {unknown}


   Skills:
 * Level 3.5 Fighting
 * Level 3.3 Axes
 + Level 2.2 Armour
 + Level 2.1 Dodging


You had 2 spell levels left.
You didn't know any spells.
Your spell library was empty.

Dungeon Overview and Level Annotations

Branches:
Dungeon (2/15)

Altars:


Innate Abilities, Weirdness & Mutations

You have sharp fingernails.


Message History

You closely miss the adder.
The adder is severely wounded.
The adder misses you. The adder bites you.
You are poisoned.
The adder poisons you!
You closely miss the adder.
The adder is severely wounded.
You feel sick. The adder bites you.
You are more poisoned.
The adder poisons you!
You are too injured to fight recklessly!
You are too injured to fight recklessly!
You are too injured to fight recklessly!
You are too injured to fight recklessly!
You are too injured to fight recklessly!
You are too injured to fight recklessly!
You are too injured to fight recklessly!
You are too injured to fight recklessly!
You are too injured to fight recklessly!
You are too injured to fight recklessly!
You barely miss the adder.
The adder is severely wounded.
You feel very sick. The adder closely misses you. x2
You closely miss the adder.
The adder is severely wounded.
You feel sick. The adder barely misses you.
You closely miss the adder.
The adder is severely wounded.
You feel sick. The adder bites you.
* * * LOW HITPOINT WARNING * * *
The adder bites you.
* * * LOW HITPOINT WARNING * * *
You hit the adder.
The adder is almost dead.
You feel sick. The adder barely misses you.
You barely miss the adder.
The adder is almost dead.
You feel sick. The adder barely misses you. The adder bites you.
You die...

# #...# #.. ..
#.#####...# #.##.#
..#..(#...# #.##.#
..........# #.##.#
..........# #.##.#
..#...#.#.###.##.#
.................####...
...........##....SJ.....
..#####....#####@####..
................†#
..#####.#####.....
#............#
#............#
#.....)......# #
##.#####.....#
.#.####.#####.....#
...#.......#########


You could see an adder and an endoplasm.

Vanquished Creatures
  A dart slug (D:1)
  5 endoplasms
  A giant cockroach (D:2)
  3 goblins (D:1)
  5 hobgoblins
  9 jackals
  A quokka (D:1)
  3 ball pythons
  3 bats (D:1)
  2 frilled lizards (D:1)
  8 kobolds
  2 rats
43 creatures vanquished.

Notes
Turn   | Place    | Note
-------+----------+-------------------------------------------
     0 | D:1      | littlecub the Demonspawn Berserker began the quest for the
                  | Orb.
     0 | D:1      | Reached XP level 1. HP: 18/18 MP: 1/1
   375 | D:1      | Gained mutation: You have sharp fingernails. [demonic
                  | ancestry]
   375 | D:1      | Reached XP level 2. HP: 15/24 MP: 2/2
   686 | D:1      | Reached ** piety under Trog
   755 | D:1      | Reached XP level 3. HP: 7/29 MP: 3/3
  1159 | D:1      | Found a faded altar of an unknown god.
  1802 | D:2      | Slain by an adder

Illustrated notes

Levels and vault maps discovered:
D:1:      amcnicky_arrival_double_pillar, layout_rooms,
          ebering_ecumenical_altar_hall, minmay_3d_cube
D:2:      layout_basic

Skill      XL: |  1  2 |
---------------+-------+-----
Axes           | 3 |  3.3
Armour         | 2 |  2.2
Dodging        | 2 |  2.1
Fighting       | |  3.5

Action                   || total
-------------------------++-------
Melee: Hand axe          ||   134
 Stab: Sleeping          ||     1
Armor: Animal skin       ||    29
Dodge: Dodged            ||    95

Table legend: (Time is in decaauts)
 A = Elapsed time spent in this place.
 B = Non-inter-level travel time spent in this place.
 C = Inter-level travel time spent in this place.
 D = Time resting spent in this place.
 E = Time spent auto-exploring this place.
 F = Levels seen in this place.
 G = Mean time per level.
                   A        B        C        D        E       F      G
               +--------+--------+--------+--------+--------+-----+--------+
         Total |   1820 |   1813 |      7 |      0 |   1535 |   2 |  910.0 |
       Dungeon |   1820 |   1813 |      7 |      0 |   1535 |   2 |  910.0 |
               +--------+--------+--------+--------+--------+-----+--------+

Top non-repeatable levels by time:
     D:1: 1443 daAuts
     D:2: 377 daAuts
